 Dungeon Crawl Stone Soup version 0.22-a0-3-g4fa69d9a97 (webtiles) character file.

821 NixNut the Skirmisher (level 7, -1/48 HPs)
             Began as a Gargoyle Gladiator on Jan 1, 2018.
             Killed from afar by Dowan (2 damage)
             ... with a wand of flame (29)
             ... on level 5 of the Dungeon.
             The game lasted 00:11:40 (4468 turns).

NixNut the Skirmisher (Gargoyle Gladiator)          Turns: 4468, Time: 00:11:41

Health: -1/48      AC: 14    Str: 20    XL:     7   Next: 95%
Magic:  7/7        EV: 11    Int: 13    God:
Gold:   258        SH:  0    Dex: 11    Spells: 6/6 levels left

rFire    . . .     SeeInvis .   a - +1 quarterstaff
rCold    . . .     Gourm    .   (shield currently unavailable)
rNeg     + . .     Faith    .   n - +3 ring mail
rPois    ∞         Spirit   .   c - +1 helmet
rElec    +         Reflect  .   (no cloak)
rCorr    .         Harm     .   (no gloves)
MR       .....                  (no boots)
Stlth    ++........             (no amulet)
HPRegen  0.16/turn              q - ring of stealth
MPRegen  0.10/turn              (no ring)

@: brilliant
A: negative energy resistance 1, electricity resistance, unbreathing,
petrification resistance, rot immunity, AC +4
a: no special abilities


You were on level 5 of the Dungeon.
You were hungry.

You visited 1 branch of the dungeon, and saw 5 of its levels.

You collected 258 gold pieces.

Inventory:

Hand Weapons
 a - a +1 quarterstaff (weapon)
Missiles
 d - 3 throwing nets (quivered)
Armour
 c - a +1 helmet (worn)
 j - a +0 scale mail
 n - a +3 ring mail (worn)
Jewellery
 q - a ring of stealth (left hand)
Wands
 e - a wand of random effects (21)
 s - a wand of polymorph (8)
Scrolls
 h - 2 scrolls of identify
 i - 2 scrolls of teleportation
Potions
 b - a potion of flight {unknown}
 m - 2 potions of brilliance
 p - 2 potions of mutation {unknown}
 r - 2 potions of ambrosia
 t - a potion of lignification {unknown}
 w - 2 potions of curing {unknown}
Books
 u - a book of Necromancy

   Spells                             Type                      Level
   a - Pain                           Necromancy                   1
   b - Animate Skeleton               Necromancy                   1
   c - Vampiric Draining              Necromancy                   3
   d - Regeneration                   Charms/Necromancy            3
   e - Animate Dead                   Necromancy                   4
   f - Borgnjor's Vile Clutch         Necromancy/Earth             5
Comestibles
 f - 13 rations


   Skills:
 + Level 7.0 Fighting
 + Level 6.8 Staves
 - Level 1.7 Throwing
 - Level 2.4 Dodging


You had 6 spell levels left.
You didn't know any spells.

Dungeon Overview and Level Annotations

Branches:
Dungeon (5/15)
 Temple: D:4-7

Altars:
Cheibriados
Trog

Shops:
D:4 =

Annotations:
D:4 2 transporters
D:5 Dowan, Prince Ribbit


Innate Abilities, Weirdness & Mutations

You are resistant to torment.
Your stone body is resilient. (AC +4)
You are immune to poison.
You resist negative energy. (rN+)
You are resistant to electric shocks. (rElec)
You can survive without breathing.
You are immune to petrification.
You are immune to rotting.


Message History

Duvessa hits you with a rapier.
* * * LOW HITPOINT WARNING * * *
The worm closely misses you. Dowan misses you.
You hit Duvessa but do no damage.
Duvessa is almost dead.
Duvessa hits you but does no damage. Dowan casts a spell at you.
The puff of flame hits you!
You hit Duvessa but do no damage.
Duvessa is almost dead.
Duvessa hits you with a rapier.
* * * LOW HITPOINT WARNING * * *
The worm bites you but does no damage. Dowan closely misses you.
You hit Duvessa.
You kill Duvessa!
Dowan screams, "No!
No!"
Dowan seems to find hidden reserves of power!
Your Fighting skill increases to level 7!
Dowan zaps a wand.
The puff of flame hits you!
You die...

#.###### #. #..
#......# .#####..
######.# .....)..
#.##########.#....
#............#....
#..###### #.....
#..# #.[... #.e#
#<.... #@)# ##....
#Fw# ##... #..#
.....# #...
.......# #....
........# #.....
......... #....(.
........# #.....%.
........#


You could see Prince Ribbit, Dowan and a worm.

Vanquished Creatures
  The ghost of myrmidette the Gusty, an amateur TeAE (D:4)
  Duvessa (D:5)
  An ice beast (D:2)
  A phantom (D:3)
  A bullfrog (D:3)
  2 hounds (D:4)
  2 orc wizards (D:4)
  Ijyb (D:4)
  Terence (D:2)
  An iguana (D:4)
  2 worker ants
  Robin (D:2)
  2 adders (D:2)
  3 oozes
  An adder zombie (D:5)
  3 worms
  2 dart slugs
  2 leopard geckos (D:1)
  10 orcs
  2 giant cockroaches (D:4)
  14 goblins
  9 hobgoblins
  9 jackals
  8 kobolds
  A quokka (D:3)
  9 bats
  4 frilled lizards
  A leopard gecko skeleton (D:4)
  9 rats
  A bush (D:1)
105 creatures vanquished.

Notes
Turn   | Place    | Note
-------+----------+-------------------------------------------
     0 | D:1      | NixNut the Gargoyle Gladiator began the quest for the Orb.
     0 | D:1      | Reached XP level 1. HP: 12/12 MP: 1/1
   302 | D:1      | Reached XP level 2. HP: 17/18 MP: 2/2
   495 | D:1      | Reached skill level 3 in Fighting
   587 | D:1      | Reached XP level 3. HP: 23/23 MP: 3/3
  1258 | D:2      | Noticed Terence
  1266 | D:2      | Killed Terence
  1266 | D:2      | Reached XP level 4. HP: 21/29 MP: 4/4
  1399 | D:2      | Noticed Robin
  1455 | D:2      | Killed Robin
  1624 | D:2      | Reached skill level 4 in Fighting
  1689 | D:2      | Reached XP level 5. HP: 33/33 MP: 5/5
  1906 | D:2      | Noticed an ice beast
  1915 | D:2      | Killed an ice beast
  2121 | D:2      | Reached skill level 5 in Fighting
  2121 | D:2      | Reached skill level 5 in Staves
  2121 | D:2      | Reached XP level 6. HP: 39/40 MP: 6/6
  2590 | D:3      | Noticed a phantom
  2636 | D:3      | Killed a phantom
  3348 | D:3      | Reached XP level 7. HP: 45/45 MP: 7/7
  3456 | D:4      | Found Mozaes Lexef's Jewellery Boutique.
  3461 | D:4      | Found a bloodstained altar of Trog.
  3463 | D:4      | Noticed Ijyb
  3486 | D:4      | Killed Ijyb
  3550 | D:4      | Found a transporter.
  3557 | D:4      | Noticed myrmidette's ghost (amateur TeAE)
  3581 | D:4      | Killed myrmidette's ghost
  3581 | D:4      | Reached skill level 6 in Fighting
  3825 | D:4      | Found a transporter.
  3981 | D:4      | Found a snail-covered altar of Cheibriados.
  4370 | D:5      | Entered Level 5 of the Dungeon
  4439 | D:5      | Noticed Dowan
  4440 | D:5      | Noticed Duvessa
  4442 | D:5      | Noticed Prince Ribbit
  4467 | D:5      | HP: 1/47 [Duvessa/rapier (4)]
  4468 | D:5      | Killed Duvessa
  4468 | D:5      | Reached skill level 7 in Fighting
  4468 | D:5      | Killed from afar by Dowan

Vault maps used:
D:1:      evilmike_arrival_rings, serial_forest, infiniplex_forest_diagonal,
          infiniplex_forest_straight_4, infiniplex_forest_clump_large,
          infiniplex_forest_straight_3, infiniplex_forest_corner_2,
          infiniplex_forest_zigzag_1, infiniplex_forest_clump_curved,
          infiniplex_forest_lined_1, infiniplex_forest_clump_diagonal,
          infiniplex_forest_lined_corner, minmay_ruptured
D:2:      uniq_terence, uniq_robin
D:3:      first_ration, minmay_randomly_rotated_circles
D:4:      gammafunk_wand_slinger, grunt_temple_overflow_open, serial_shops,
          shop_statue, uniq_ijyb
D:5:      grunt_temple_overflow_growth_and_decay,
          gammafunk_temple_overflow_elements, serial_shops,
          kennysheep_mini_moat, uniq_grinder, uniq_blork_the_orc, uniq_sigmund,
          uniq_duvessa, uniq_crazy_yiuf_cottage, uniq_prince_ribbit1

Skill      XL: |  1  2  3  4  5  6  7 |
---------------+----------------------+-----
Fighting       | 3 4 5 7 |  7.0
Staves         | 4 5 6 |  6.8
Throwing       | |  1.7
Dodging        | |  2.4

Action                   |  1- 3 |  4- 6 |  7- 9 || total
-------------------------+-------+-------+-------++-------
Melee: Quarterstaff      |   147 |   178 |   126 ||   451
  Use: Scroll            |       |       |     9 ||     9
       Potion            |       |       |     2 ||     2
 Stab: Distracted        |       |       |     1 ||     1
  Eat: Chunk             |     1 |     4 |     3 ||     8
       Ration            |       |     1 |       ||     1
Armor: Leather armour    |     3 |       |    12 ||    15
       Ring mail         |    51 |     3 |    44 ||    98
       Scale mail        |       |   107 |       ||   107
Dodge: Dodged            |    56 |    98 |    65 ||   219

Table legend:
 A = Spawn XP
 B = Non-spawn XP
 C = Spawn XP percentage of total XP
 D = Spawn monster count
 E = Non-spawn monster count
 F = Spawn count percentage of total count
 G = Total turns spent on level
                    A         B        C        D         E        F      G
               +---------+---------+-------+---------+---------+-------+---------
         Total |       0 |    1174 |   0.0 |       0 |     104 |   0.0 |  4468
               +---------+---------+-------+---------+---------+-------+---------
           D:1 |       0 |      52 |   0.0 |       0 |      26 |   0.0 |  1105
           D:2 |       0 |     291 |   0.0 |       0 |      33 |   0.0 |  1213
           D:3 |       0 |     274 |   0.0 |       0 |      26 |   0.0 |  1105
           D:4 |       0 |     399 |   0.0 |       0 |      16 |   0.0 |   947
           D:5 |       0 |     158 |   0.0 |       0 |       3 |   0.0 |    98
               +---------+---------+-------+---------+---------+-------+---------
